 Dungeon Crawl Stone Soup version 0.21-a0-364-gbd1fde4 (webtiles) character file.

0 wazuzu the Skirmisher (level 1, -10/18 HPs)
             Began as a Formicid Abyssal Knight on Oct 14, 2017.
             Was a Follower of Lugonu.
             Killed from afar by a hellion (22 damage)
             ... with damnation
             ... on level 5 of the Abyss.
             The game lasted 00:02:14 (206 turns).

wazuzu the Skirmisher (Formicid Abyssal Knight)      Turns: 206, Time: 00:02:14

Health: -10/18     AC:  0    Str: 16    XL:     1   Next: 0%
Magic:  2/2        EV: 11    Int: 11    God:    Lugonu [*.....]
Gold:   60         SH:  0    Dex:  6    Spells: 0/0 levels left

rFire    . . .     SeeInvis +   a - +1 spear
rCold    . . .     Gourm    .   (no shield)
rNeg     . . .     Faith    .   (no armour)
rPois    .         Spirit   .   (helmet unavailable)
rElec    .         Reflect  .   (no cloak)
rCorr    .         Harm     .   (no gloves)
MR       .....                  (no boots)
Stlth    +.........             (no amulet)
HPRegen  0.06/turn              (no ring)
MPRegen  0.08/turn              (no ring)

@: no status effects
A: permanent stasis, dig shafts and tunnels, four strong arms, antennae 3,
[clumsy 2], [subdued magic 2]
a: Dig, Shaft Self, Depart the Abyss, Renounce Religion


You were on level 5 of the Abyss.
You worshipped Lugonu.
Lugonu was aware of your devotion.
You were not hungry.

You visited 0 branches of the dungeon, and saw 0 of its levels.
You visited the Abyss 1 time.

You collected 60 gold pieces.

Inventory:

Hand Weapons
 a - a +1 spear (weapon)
Armour
 b - a +0 leather armour
Comestibles
 c - a bread ration


   Skills:
 - Level 3.2 Fighting
 + Level 2.0 Polearms
 - Level 2.1 Armour
 - Level 0.8 Dodging
 - Level 2.1 Invocations


You couldn't memorise any spells.
You didn't know any spells.

Dungeon Overview and Level Annotations

Branches:
Dungeon (0/15)

Altars:


Innate Abilities, Weirdness & Mutations

You cannot be hasted, slowed, berserked, paralysed or teleported.
You can dig through walls and to a lower floor.
Your four strong arms can wield two-handed weapons with a shield.
You have a pair of large antennae on your head. (SInv)
[You are very clumsy. (Dex -4)]
[Your spells are easier to cast, but less powerful.]


Message History

Found 21 sling bullets.
You see here 21 sling bullets.
A wretched star comes into view.
The wretched star pulses with an eldritch light!
Your connection to magic feels subdued.
Your connection to magic feels more subdued.
Found a gateway leading deeper into the Abyss.
There is a gateway leading deeper into the Abyss here.
You plunge deeper into the Abyss.
The abyssal rune of Zot can be found at this depth.
Beware, you cannot shaft yourself on this level.
A hellion comes into view.
The hellion gives a hideous shriek!
A wretched star comes into view.
The wretched star pulses with an eldritch light!
You feel clumsy. x2
The hellion gestures at you.
The sphere of damnation explodes!
The damnation engulfs you!
Ouch! That really hurt!
You die...

#. .# ##. ##.#
#.. #.#.#
..#.... ..#.. #.
###.#.# .
#..#.#...###...
..#.....@....#.#
#....##....#.#..
. ##...##*#.*.#
#...#.......#
#..#.........
..#.#.......#.
...2#..#..##..#
... #.##.#.#.#.#
. # ... #...## #
. ..


You could see a wretched star and a hellion.

Vanquished Creatures (others)
  8 starspawn tentacles (Abyss:3)
8 creatures vanquished.

Notes
Turn   | Place    | Note
-------+----------+-------------------------------------------
     0 | Abyss:1  | wazuzu the Formicid Abyssal Knight began the quest for the Orb.
     0 | Abyss:1  | Reached XP level 1. HP: 18/18 MP: 2/2
   121 | Abyss:3  | Noticed a tentacled starspawn
   146 | Abyss:3  | Noticed a ynoxinul
   175 | Abyss:4  | Noticed a small abomination
   175 | Abyss:4  | Noticed a wretched star
   192 | Abyss:5  | Entered Level 5 of the Abyss
   201 | Abyss:5  | Noticed a hellion
   202 | Abyss:5  | Noticed a wretched star
   206 | Abyss:5  | Killed from afar by a hellion

Vault maps used:
Abyss:2:  hangedman_abyss_sting
Abyss:4:  evilmike_abyss_exit_plants, evilmike_abyss_rune_ettins,
          evilmike_abyss_exit_smiterflies, hangedman_decor_riveting,
          evilmike_abyss_exit_kraken
Abyss:5:  guppyfry_abyss_exit_imp_island, evilmike_abyss_rune_tso_outpost,
          minivault_23, minivault_22, lemuel_flamethrower_3

Action                   || total
-------------------------++-------
Dodge: Dodged            ||     3

Table legend:
 A = Spawn XP
 B = Non-spawn XP
 C = Spawn XP percentage of total XP
 D = Spawn monster count
 E = Non-spawn monster count
 F = Spawn count percentage of total count
 G = Total turns spent on level
                    A         B        C        D         E        F      G
               +---------+---------+-------+---------+---------+-------+---------
         Total |       0 |       0 |   N/A |       0 |       0 |   N/A |   206
               +---------+---------+-------+---------+---------+-------+---------
               +---------+---------+-------+---------+---------+-------+---------
